SNL (28 & UNDER)
GAINESVILLE GUIDOS @ MONTGOMERY BISCUITS
07/05/2026
 
TOP OF THE 1ST
Gainesville Guidos batting - Pitching for Montgomery Biscuits : RHP Jeffrey Stephens
Pitching: RHP Jeffrey Stephens
Batting: RHB Iván Moreno 0-0: Foul Ball, location: 2F
0-1: Swinging Strike
0-2: Strikes out looking
Batting: LHB Eddy Jefferson 0-0: Called Strike
0-1: Ball
1-1: Ground out 6-3 (Groundball, 6M)
Batting: LHB Mark Owens 0-0: Ground out 4-3 (Groundball, 4)
Top of the 1st over - 0 run(s), 0 hit(s), 0 error(s), 0 left on base; Gainesville 0 - Montgomery 0
BOTTOM OF THE 1ST
Montgomery Biscuits batting - Pitching for Gainesville Guidos : RHP John Jones
Pitching: RHP John Jones
Batting: RHB Warren Martin 0-0: DOUBLE (Flyball, 9M)
Batting: RHB Carlos Vásquez 0-0: Ball
1-0: Called Strike
1-1: Ball
2-1: Ball
3-1: Foul Ball, location: 2F
3-2: Strikes out swinging
Batting: RHB Yujiro Kurihara 0-0: Ball
1-0: Ball
2-0: Ball
3-0: Base on Balls
Batting: RHB Pete Smith 0-0: Ball
1-0: Ball
2-0: Called Strike
2-1: Ball
3-1: Foul Ball, location: 2F
3-2: Strikes out swinging
Batting: RHB Juan Díaz 0-0: Ball
1-0: Foul Ball, location: 2F
1-1: Called Strike
1-2: DOUBLE (Flyball, 78XD)
Warren Martin scores
Yujiro Kurihara to third
Runner from 3rd tries for Home, SAFE, no throw or cutoff
Batting: RHB Peyton Yardley 0-0: Ball
1-0: Ball
2-0: Ball
3-0: Called Strike
3-1: Called Strike
3-2: Foul Ball, location: 2F
3-2: Ground out 4-3 (Groundball, 4M)
Bottom of the 1st over - 2 run(s), 2 hit(s), 0 error(s), 1 left on base; Gainesville 0 - Montgomery 2
TOP OF THE 2ND
Gainesville Guidos batting - Pitching for Montgomery Biscuits : RHP Jeffrey Stephens
Batting: LHB António Cedeño 0-0: Ball
1-0: Ball
2-0: SOLO HOME RUN (Flyball, 9LD), Distance : 349 ft
Batting: RHB Kurt Walter 0-0: Ball
1-0: Called Strike
1-1: Swinging Strike
1-2: Ball
2-2: Strikes out swinging
Batting: RHB John Little 0-0: Ball
1-0: Called Strike
1-1: Called Strike
1-2: Foul Ball, location: 2F
1-2: Ball
2-2: SINGLE (Line Drive, 89S)
Batting: SHB Will Evans 0-0: Grounds into double play, U6-3 (Groundball, 6)
Top of the 2nd over - 1 run(s), 2 hit(s), 0 error(s), 0 left on base; Gainesville 1 - Montgomery 2
BOTTOM OF THE 2ND
Montgomery Biscuits batting - Pitching for Gainesville Guidos : RHP John Jones
Batting: RHB Raúl Alejándrez 0-0: SINGLE (Groundball, 4M)
Batting: SHB Tony Echevarría 0-0: Ball
1-0: Foul Ball, location: 2F
1-1: Foul Ball, location: 2F
1-2: Strikes out swinging
Raúl Alejándrez is caught stealing 2nd base
Batter strikes out.
Batting: RHB Dave Williams 0-0: Called Strike
0-1: Swinging Strike
0-2: Foul Ball, location: 2F
0-2: Strikes out looking
Bottom of the 2nd over - 0 run(s), 1 hit(s), 0 error(s), 0 left on base; Gainesville 1 - Montgomery 2
TOP OF THE 3RD
Gainesville Guidos batting - Pitching for Montgomery Biscuits : RHP Jeffrey Stephens
Batting: RHB Kyle O'Day 0-0: Ball
1-0: Swinging Strike
1-1: Ball
2-1: SOLO HOME RUN (Flyball, 89XD) (Inside the Park)
Batting: RHB Júlio Galló 0-0: Ball
1-0: Called Strike
1-1: Swinging Strike
1-2: Ball
2-2: Ball
3-2: Strikes out swinging
Batting: RHB Iván Moreno 0-0: Foul Ball, location: 2F
0-1: SINGLE (Groundball, 4MD)
Batting: LHB Eddy Jefferson 0-0: Ball
1-0: Ball
2-0: Ball
3-0: Called Strike
3-1: Base on Balls
Iván Moreno to second
Batting: LHB Mark Owens 0-0: Foul Ball, location: 2F
0-1: Ball
1-1: Swinging Strike
1-2: Foul Ball, location: 2F
1-2: SINGLE (Line Drive, 89S)
Iván Moreno to third
Eddy Jefferson to second
Batting: LHB António Cedeño 0-0: Swinging Strike
0-1: Ball
1-1: Hit by Pitch
Iván Moreno scores
Eddy Jefferson to third
Mark Owens to second
Batting: RHB Kurt Walter 0-0: Called Strike
0-1: Ball
1-1: Grounds into fielders choice 1-2 (Groundball, 13)
Mark Owens to third
António Cedeño to second
Batting: RHB John Little 0-0: Called Strike
0-1: Fielders Choice at 2nd, U4 (Groundball, 4M)
Top of the 3rd over - 2 run(s), 3 hit(s), 0 error(s), 3 left on base; Gainesville 3 - Montgomery 2
BOTTOM OF THE 3RD
Montgomery Biscuits batting - Pitching for Gainesville Guidos : RHP John Jones
Batting: RHB Warren Martin 0-0: Ball
1-0: Called Strike
1-1: Swinging Strike
1-2: Ball
2-2: Ground out 4-3 (Groundball, 4M)
Batting: RHB Carlos Vásquez 0-0: Ball
1-0: Fly out, F8 (Line Drive, 8LD)
Batting: RHB Yujiro Kurihara 0-0: Called Strike
0-1: Ball
1-1: Foul Ball, location: 2F
1-2: Foul Ball, location: 2F
1-2: Ball
2-2: SINGLE (Line Drive, 9S)
Batting: RHB Pete Smith 0-0: Ball
1-0: Ball
2-0: Ball
3-0: Called Strike
3-1: Foul Ball, location: 2F
3-2: SINGLE (Groundball, 4)
Yujiro Kurihara to second
Yujiro Kurihara to third
Batting: RHB Juan Díaz 0-0: Ground out 5-3 (Groundball, 5S)
Bottom of the 3rd over - 0 run(s), 2 hit(s), 0 error(s), 2 left on base; Gainesville 3 - Montgomery 2
TOP OF THE 4TH
Gainesville Guidos batting - Pitching for Montgomery Biscuits : RHP Jeffrey Stephens
Batting: SHB Will Evans 0-0: SINGLE (Groundball, 56D)
Batting: RHB Kyle O'Day 0-0: Called Strike
0-1: Called Strike
0-2: Strikes out looking
Batting: RHB Júlio Galló 0-0: Ball
Wild Pitch!
Will Evans to second
1-0: Swinging Strike
1-1: Swinging Strike
1-2: Ball
2-2: Strikes out swinging
Batting: RHB Iván Moreno 0-0: Foul Ball, location: 2F
0-1: Ball
1-1: Fly out, F9 (Flyball, 9M)
Top of the 4th over - 0 run(s), 1 hit(s), 0 error(s), 1 left on base; Gainesville 3 - Montgomery 2
BOTTOM OF THE 4TH
Montgomery Biscuits batting - Pitching for Gainesville Guidos : RHP John Jones
Batting: RHB Peyton Yardley 0-0: Ball
1-0: Ball
2-0: Fly out, F9 (Flyball, 9LM)
Batting: RHB Raúl Alejándrez 0-0: Called Strike
0-1: Ball
1-1: Ball
2-1: SINGLE (Groundball, 56)
Batting: SHB Tony Echevarría 0-0: Ball
Wild Pitch!
Raúl Alejándrez to second
1-0: Called Strike
1-1: Swinging Strike
1-2: Ball
2-2: Ball
3-2: Base on Balls
Batting: RHB Dave Williams 0-0: Called Strike
0-1: Fly out, F3 (Popup, 3SF)
Pitching: RHP Salvador De Jesús
Batting: RHB Warren Martin 0-0: Called Strike
0-1: 3-RUN HOME RUN (Flyball, 7D), Distance : 364 ft
Batting: RHB Carlos Vásquez 0-0: Ball
1-0: Foul Ball, location: 2F
1-1: Ball
2-1: Swinging Strike
2-2: Strikes out swinging
Bottom of the 4th over - 3 run(s), 2 hit(s), 0 error(s), 0 left on base; Gainesville 3 - Montgomery 5
TOP OF THE 5TH
Gainesville Guidos batting - Pitching for Montgomery Biscuits : RHP Jeffrey Stephens
Batting: LHB Eddy Jefferson 0-0: Ball
1-0: Ball
2-0: Ball
3-0: Base on Balls
Batting: LHB Mark Owens 0-0: Ball
Pickoff Throw by Catcher to First - Out!
1-0: Swinging Strike
1-1: Foul Ball, location: 2F
1-2: Ball
2-2: Strikes out looking
Batting: LHB António Cedeño 0-0: Ball
1-0: SOLO HOME RUN (Flyball, 89XD), Distance : 403 ft
Batting: RHB Kurt Walter 0-0: Foul Ball, location: 2F
0-1: Ball
1-1: SINGLE (Line Drive, 34)
Batting: RHB John Little 0-0: Ball
1-0: Called Strike
1-1: Called Strike
1-2: Ball
2-2: Strikes out swinging
Top of the 5th over - 1 run(s), 2 hit(s), 0 error(s), 1 left on base; Gainesville 4 - Montgomery 5
BOTTOM OF THE 5TH
Montgomery Biscuits batting - Pitching for Gainesville Guidos : RHP Salvador De Jesús
Batting: RHB Yujiro Kurihara 0-0: Called Strike
0-1: Foul Ball, location: 2F
0-2: Foul Ball, location: 2F
0-2: Ball
1-2: Foul Ball, location: 2F
1-2: Ball
2-2: Ball
3-2: Base on Balls
Batting: RHB Pete Smith 0-0: Ball
1-0: Foul Ball, location: 2F
1-1: Swinging Strike
1-2: Foul Ball, location: 2F
1-2: Ball
2-2: Ball
3-2: Base on Balls
Yujiro Kurihara to second
Batting: RHB Juan Díaz 0-0: Called Strike
0-1: Ball
1-1: Fly out, F4 (Popup, 34)
Batting: RHB Peyton Yardley 0-0: Ground out 5-3 (Groundball, 5S)
Yujiro Kurihara to third
Pete Smith to second
Batting: RHB Raúl Alejándrez 0-0: Ground out 5-3 (Groundball, 5)
Bottom of the 5th over - 0 run(s), 0 hit(s), 0 error(s), 2 left on base; Gainesville 4 - Montgomery 5
TOP OF THE 6TH
Gainesville Guidos batting - Pitching for Montgomery Biscuits : RHP Jeffrey Stephens
Batting: SHB Will Evans 0-0: Ball
1-0: Ball
2-0: Ball
3-0: Base on Balls
Batting: RHB Kyle O'Day 0-0: Foul Ball, location: 2F
0-1: Ball
1-1: Called Strike
Will Evans steals 2nd base
1-2: 2-RUN HOME RUN (Flyball, 7LD), Distance : 332 ft
Batting: RHB Júlio Galló 0-0: Ground out 4-3 (Groundball, 4)
Batting: RHB Iván Moreno 0-0: Swinging Strike
0-1: Called Strike
0-2: Foul Ball, location: 2F
0-2: Strikes out swinging
Batting: LHB Eddy Jefferson 0-0: Foul Ball, location: 2F
0-1: Swinging Strike
0-2: Strikes out swinging
Top of the 6th over - 2 run(s), 1 hit(s), 0 error(s), 0 left on base; Gainesville 6 - Montgomery 5
BOTTOM OF THE 6TH
Montgomery Biscuits batting - Pitching for Gainesville Guidos : RHP Salvador De Jesús
Batting: SHB Tony Echevarría 0-0: Foul Ball, location: 2F
0-1: SINGLE (Line Drive, 6M)
Batting: RHB Dave Williams 0-0: Called Strike
0-1: Foul Ball, location: 2F
0-2: Ball
1-2: Foul Ball, location: 2F
1-2: Ball
2-2: Foul Ball, location: 2F
2-2: Ball
3-2: Strikes out swinging
Batting: RHB Warren Martin 0-0: Called Strike
0-1: Called Strike
0-2: SINGLE (Groundball, 56D)
Tony Echevarría to second
Batting: RHB Carlos Vásquez 0-0: Ball
1-0: Ball
2-0: Called Strike
2-1: Grounds into double play, 6-4-3 (Groundball, 6)
Bottom of the 6th over - 0 run(s), 2 hit(s), 0 error(s), 1 left on base; Gainesville 6 - Montgomery 5
TOP OF THE 7TH
Gainesville Guidos batting - Pitching for Montgomery Biscuits : RHP Jeffrey Stephens
Pitching: LHP Trevor Nichols
Batting: LHB Mark Owens 0-0: Ball
1-0: Fly out, F7 (Flyball, 7M)
Batting: LHB António Cedeño 0-0: Ball
1-0: Called Strike
1-1: Ball
2-1: Foul Ball, location: 2F
2-2: Ball
3-2: Foul Ball, location: 2F
3-2: Base on Balls
Batting: RHB Kurt Walter 0-0: Ball
1-0: Ball
2-0: Called Strike
2-1: Ball
3-1: Swinging Strike
3-2: Strikes out swinging
Batting: RHB John Little 0-0: Ball
1-0: Called Strike
1-1: Fly out, F8 (Flyball, 8RD)
Top of the 7th over - 0 run(s), 0 hit(s), 0 error(s), 1 left on base; Gainesville 6 - Montgomery 5
BOTTOM OF THE 7TH
Montgomery Biscuits batting - Pitching for Gainesville Guidos : RHP Salvador De Jesús
Pitching: RHP Josh Higgins
Batting: RHB Yujiro Kurihara 0-0: Ball
1-0: Fly out, F7 (Line Drive, 7M)
Batting: RHB Pete Smith 0-0: Called Strike
0-1: Fly out, F9 (Flyball, 9M)
Batting: RHB Juan Díaz 0-0: Swinging Strike
0-1: Ball
1-1: Ball
2-1: Ball
3-1: Foul Ball, location: 2F
3-2: Strikes out swinging
Bottom of the 7th over - 0 run(s), 0 hit(s), 0 error(s), 0 left on base; Gainesville 6 - Montgomery 5
TOP OF THE 8TH
Gainesville Guidos batting - Pitching for Montgomery Biscuits : LHP Trevor Nichols
Batting: SHB Will Evans 0-0: Swinging Strike
0-1: Swinging Strike
0-2: Ball
1-2: SOLO HOME RUN (Flyball, 78XD), Distance : 401 ft
Batting: RHB Kyle O'Day 0-0: Called Strike
0-1: Ball
1-1: Ball
2-1: Ball
3-1: Called Strike
3-2: Strikes out looking
Batting: RHB Júlio Galló 0-0: Ball
1-0: Ball
2-0: Ball
3-0: Base on Balls
Batting: RHB Iván Moreno 0-0: Ball
1-0: Swinging Strike
1-1: Ball
2-1: Foul Ball, location: 2F
2-2: Foul Ball, location: 2F
2-2: Foul Ball, location: 2F
2-2: Ball
3-2: Fly out, F9 (Flyball, 9M)
3-2: Fly out, F9 (Flyball, 9M)
Batting: LHB Eddy Jefferson 0-0: Swinging Strike
0-1: Foul Ball, location: 2F
0-2: Strikes out swinging
Top of the 8th over - 1 run(s), 1 hit(s), 0 error(s), 1 left on base; Gainesville 7 - Montgomery 5
BOTTOM OF THE 8TH
Montgomery Biscuits batting - Pitching for Gainesville Guidos : RHP Josh Higgins
Batting: RHB Peyton Yardley 0-0: Ball
1-0: Called Strike
1-1: Ball
2-1: Ball
3-1: Swinging Strike
3-2: Strikes out swinging
Batting: RHB Raúl Alejándrez 0-0: Called Strike
0-1: Called Strike
0-2: Foul Ball, location: 2F
0-2: Ground out 4-3 (Groundball, 4)
Batting: SHB Tony Echevarría 0-0: Called Strike
0-1: Ball
1-1: Called Strike
1-2: Foul Ball, location: 2F
1-2: Strikes out swinging
Bottom of the 8th over - 0 run(s), 0 hit(s), 0 error(s), 0 left on base; Gainesville 7 - Montgomery 5
TOP OF THE 9TH
Gainesville Guidos batting - Pitching for Montgomery Biscuits : LHP Trevor Nichols
Batting: LHB Mark Owens 0-0: Called Strike
0-1: Ball
1-1: Swinging Strike
1-2: Strikes out swinging
Batting: LHB António Cedeño 0-0: Ball
1-0: Called Strike
1-1: Swinging Strike
1-2: Foul Ball, location: 2F
1-2: Fly out, F7 (Flyball, 7M)
Batting: RHB Kurt Walter 0-0: Called Strike
0-1: Called Strike
0-2: Strikes out swinging
Top of the 9th over - 0 run(s), 0 hit(s), 0 error(s), 0 left on base; Gainesville 7 - Montgomery 5
BOTTOM OF THE 9TH
Montgomery Biscuits batting - Pitching for Gainesville Guidos : RHP Josh Higgins
Pitching: LHP Mike Scott
Batting: RHB Dave Williams 0-0: Foul Ball, location: 2F
0-1: Ground out 5-3 (Groundball, 5)
Batting: RHB Warren Martin 0-0: Called Strike
0-1: Ball
1-1: Foul Ball, location: 2F
1-2: Ball
2-2: Foul Ball, location: 2F
2-2: Foul Ball, location: 2F
2-2: SINGLE (Flyball, 9LS)
Batting: RHB Carlos Vásquez 0-0: 2-RUN HOME RUN (Flyball, 7D), Distance : 377 ft
Pitching: RHP Marlon Ryan
Batting: RHB Yujiro Kurihara 0-0: Ball
1-0: Ball
2-0: Ball
3-0: Called Strike
3-1: Foul Ball, location: 2F
3-2: Foul Ball, location: 2F
3-2: Base on Balls
Batting: RHB Pete Smith 0-0: Called Strike
0-1: Ball
1-1: SINGLE (Groundball, 5D)
Yujiro Kurihara to second
Batting: RHB Juan Díaz 0-0: SINGLE (Groundball, 34D)
Yujiro Kurihara to third
Pete Smith to second
Runner from 3rd tries for Home, SAFE, throw made home
Monday, December 5th, 2016 - OOTP Baseball 17.12 Build 75